 Dungeon Crawl Stone Soup version 0.29.1-12-g30fa7ad0bf (webtiles) character file.

Game seed: 1860222749360930863

6685 wormed the Destroyer (level 10, 0/70 (82) HPs)
             Began as a Demonspawn Conjurer on Dec 27, 2022.
             Was a Believer of Vehumet.
             Slain by a spectral unseen horror (5 damage)
             ... on level 7 of the Dungeon.
             The game lasted 00:27:09 (13721 turns).

wormed the Destroyer (Demonspawn Conjurer)         Turns: 13721, Time: 00:27:10

HP:   0/70 (82)     AC:  9    Str:  7    XL:     10   Next: 73%
MP:   5/22          EV: 15    Int: 24    God:    Vehumet [**....]
Gold: 364           SH:  5    Dex: 12    Spells: 14/25 levels left

rFire   . . .      SeeInvis .   h - +0 short sword (protect)
rCold   . . .      Faith    .   i - +0 buckler
rNeg    . . .      Spirit   .   a - +0 robe
rPois   .          Reflect  .   (helmet restricted)
rElec   .          Harm     .   F - +0 cloak
rCorr   .          Rampage  .   y - +0 pair of gloves
Will    .....                   (no boots)
Stlth   ++........              C - amulet of regeneration
HPRegen 1.01/turn               k - +4 ring of evasion
MPRegen 0.18/turn               c - +4 ring of protection

@: very slightly contaminated, hasted, heavily drained, very quick
A: antennae 1, rugged brown scales 1, foul stench 1, powered by death 2
a: Renounce Religion


You were on level 7 of the Dungeon.
You worshipped Vehumet.
Vehumet was pleased with you.
You visited 2 branches of the dungeon, and saw 9 of its levels.

You collected 364 gold pieces.

Inventory:

Hand Weapons
 h - a +0 short sword of protection (weapon)
Armour
 a - a +0 robe (worn)
 i - a +0 buckler (worn)
 y - a +0 pair of gloves (worn)
 F - a +0 cloak (worn)
Jewellery
 c - a +4 ring of protection (right hand)
 k - a +4 ring of evasion (left hand)
 s - a +4 ring of evasion
 C - an amulet of regeneration (around neck)
 L - a +4 ring of protection
 M - a +4 ring of slaying
Wands
 D - a wand of iceblast (6)
 E - a wand of mindburst (11)
 J - a wand of polymorph (13)
Scrolls
 d - a scroll of enchant weapon {unknown}
 e - 4 scrolls of teleportation {unknown}
 f - 4 scrolls of poison {unknown}
 g - 8 scrolls of identify {unknown}
 j - a scroll of amnesia {unknown}
 l - 3 scrolls of blinking {unknown}
 m - 2 scrolls of silence {unknown}
 n - a scroll of summoning {unknown}
 p - 3 scrolls of butterflies {unknown}
 A - a scroll of vulnerability {unknown}
 G - a scroll of magic mapping {unknown}
 H - a scroll of noise {unknown}
 I - a scroll of fear {unknown}
 K - 2 scrolls of enchant armour {unknown}
Potions
 o - 5 potions of curing
 r - 2 potions of invisibility {unknown}
 t - 2 potions of brilliance {unknown}
 u - a potion of resistance {unknown}
 v - 4 potions of mutation {unknown}
 w - 4 potions of cancellation {unknown}
 x - a potion of degeneration {unknown}
 z - a potion of flight {unknown}
 B - a potion of heal wounds {unknown}


   Skills:
 + Level 7.7 Fighting
 - Level 2.0 Dodging
 - Level 2.0 Stealth
 - Level 5.0 Shields
 - Level 8.0 Spellcasting
 - Level 10.0 Conjurations
 - Level 5.0 Evocations


You had 14 spell levels left.
You knew the following spells:

 Your Spells              Type           Power      Damage    Failure   Level
a - Magic Dart            Conj           100%       1d8       1%          1
b - Searing Ray           Conj           100%       2d8       1%          2
c - Fulminant Prism       Conj/Hex       16%        3d11      11%         4
d - Iskenderun's Mystic   Conj/Tloc      33%        2d8       11%         4

Your spell library contained the following spells:

 Spells                   Type           Power      Damage    Failure   Level
 Foxfire                  Conj/Fire      100%       2x1d9     1%          1
 Shock                    Conj/Air       100%       1d9       1%          1
 Static Discharge         Conj/Air       33%        3-8/arc   1%          2
 Dazzling Flash           Conj/Hex       66%        N/A       3%          3
 Stone Arrow              Conj/Erth      66%        3d11      3%          3
 Mephitic Cloud           Conj/Pois/Air  25%        N/A       6%          3
 Sandblast                Erth           18%        2d7       9%          1
 Sticky Flame             Conj/Fire      33%        2d5       11%         4
 Ensorcelled Hibernation  Hex/Ice        18%        N/A       12%         2
 Passwall                 Tmut/Erth      7%         N/A       12%         2
 Ignite Poison            Fire/Tmut/Pois 9%         N/A       24%         3
 Spider Form              Tmut/Pois      9%         N/A       24%         3
 Swiftness                Air            9%         N/A       24%         3
 Tukima's Dance           Hex            9%         N/A       24%         3
 Freezing Cloud           Conj/Ice/Air   12%        6-21      52%         5
 Airstrike                Air            4%         2d(1-17)  63%         4
 Anguish                  Hex/Necr       4%         N/A       63%         4
 Dispel Undead            Necr           9%         3d8       63%         4
 Passage of Golubria      Tloc           9%         N/A       63%         4
 Yara's Violent Unravell  Hex/Tmut       4%         3d4       92%         5


Dungeon Overview and Level Annotations

Branches:
Dungeon (8/15)             Temple (1/1) D:5
   Lair: D:8-11

Altars:
Cheibriados
Dithmenos
Fedhas
Gozag
Kikubaaqudgha
Makhleb
Nemelex Xobeh
Qazlal
Ru
Uskayaw
Vehumet
Wu Jian
Xom
Yredelemnul

Shops:
D:4 ?

Annotations:
D:7 cowcol's ghost, novice DrBe


Innate Abilities, Weirdness & Mutations

You have a pair of small antennae on your head.
You are partially covered in rugged brown scales. (AC +1, +3% HP)
You may rarely emit foul miasma when damaged in melee.
You regenerate health from kills.


Message History

The spectral unseen horror is severely damaged.
The spectral unseen horror is knocked back by the mystic blast.
Unknown command.
Casting: Iskenderun's Mystic Blast (dangerous; 11% risk of failure)
Confirm with . or Enter, or press ? or * to list all spells.
Aiming: Fulminant Prism (dangerous; 11% risk of failure)
Press: ? - help, Dir - move target You miscast Fulminant Prism.
You are very lightly contaminated with residual magic.
Nothing appears to happen.
The spectral unseen horror hits you but does no damage.
The spectral unseen horror completely misses you.
The spectral unseen horror barely misses you.
The spectral unseen horror hits you but does no damage.
The spectral unseen horror attacks as you move away!
You block the spectral unseen horror's attack.
The spectral unseen horror hits you.
* * * LOW HITPOINT WARNING * * *
You feel drained.
The spectral unseen horror completely misses you.
The spectral unseen horror misses you.
The spectral unseen horror attacks as you move away!
You block the spectral unseen horror's attack.
The spectral unseen horror hits you.
* * * LOW HITPOINT WARNING * * *
You feel drained.
* * * LOW HITPOINT WARNING * * *
The spectral unseen horror hits you.
* * * LOW HITPOINT WARNING * * *
You feel drained.
* * * LOW HITPOINT WARNING * * *
You feel as though your hastened speed will last longer.
The spectral unseen horror hits you.
* * * LOW HITPOINT WARNING * * *
The spectral unseen horror closely misses you.
The spectral unseen horror closely misses you.
The spectral unseen horror closely misses you.
The spectral unseen horror attacks as you move away!
The spectral unseen horror hits you.
You die...

...........###.#
...##.###### #.#
.####.# #.# .####.#
#.# ......### #.#
........# ###.#
........# #...#
..[.....# #.######
........# #....@.#
#.......# #)####Z#
...<....# #.####.#
#.......# #...##.#
############.#.##W#
#......#.##.#
#######.####......#
.....##........####
##########....{#


You could see a spectral unseen horror and cowcol's ghost.

Vanquished Creatures
  A two-headed ogre (D:8)
  The ghost of Smersh616 the Covert, a novice SpAr (D:7)
  A troll (D:7)
  An unseen horror skeleton (D:7)
  Prince Ribbit (D:6)
  12 yaks
  2 water moccasins
  3 orc warriors
  A sky beast (D:6)
  A black bear (D:5)
  2 ice beasts
  An ogre (D:5)
  6 centaurs
  A kobold brigand (D:7)
  A spectral wyvern (D:7)
  2 gnoll sergeants (D:8)
  2 necrophages
  3 bullfrogs (D:7)
  7 wights (D:8)
  6 killer bees (D:8)
  A centaur zombie (D:7)
  5 hounds
  A jelly (D:7)
  A gnoll bouda (D:8)
  3 orc priests
  Jessica (D:2)
  4 iguanas
  5 orc wizards
  5 adders
  11 gnolls (D:8)
  An ufetubus (D:5)
  2 worms
  23 orcs
  4 endoplasms
  4 giant cockroaches
  3 goblins
  2 hobgoblins
  10 jackals
  7 quokkas
  6 ball pythons
  6 bats
  4 frilled lizards
  11 kobolds
  4 rats
179 creatures vanquished.

Vanquished Creatures (others)
  36 fulminant prisms
  4 plants (D:8)
40 creatures vanquished.

Grand Total: 219 creatures vanquished

Notes
Turn   | Place    | Note
-------+----------+-------------------------------------------
     0 | D:1      | wormed the Demonspawn Conjurer began the quest for the Orb.
     0 | D:1      | Reached XP level 1. HP: 13/13 MP: 3/3
    53 | D:1      | Found a faded altar of an unknown god.
   460 | D:1      | Gained mutation: You regenerate a little health from kills.
                  | [demonic ancestry]
   460 | D:1      | Reached XP level 2. HP: 19/19 MP: 3/5
   552 | D:1      | Learned a level 2 spell: Searing Ray
  1417 | D:2      | Noticed Jessica
  1429 | D:2      | Killed Jessica
  1430 | D:2      | Reached skill level 1 in Shields
  1430 | D:2      | Gained mutation: You regenerate health from kills. [demonic
                  | ancestry]
  1430 | D:2      | Reached XP level 3. HP: 6/24 MP: 0/6
  1926 | D:2      | Gained mutation: You are partially covered in rugged brown
                  | scales. (AC +1, +3% HP) [demonic ancestry]
  1926 | D:2      | Reached XP level 4. HP: 24/30 MP: 4/8
  1970 | D:2      | Found the +18 Lear's hauberk
  2515 | D:3      | Learned a level 4 spell: Fulminant Prism
  3482 | D:3      | Reached XP level 5. HP: 36/36 MP: 1/9
  3810 | D:4      | Found Baomua Yzysk's Magic Scroll Boutique.
  3811 | D:4      | Noticed a yak
  3811 | D:4      | Noticed a yak
  4860 | D:4      | Reached skill level 5 in Conjurations
  5053 | D:4      | Noticed a yak
  5053 | D:4      | Noticed a yak
  5053 | D:4      | Noticed a yak
  5412 | D:5      | Entered Level 5 of the Dungeon
  5433 | D:5      | Reached XP level 6. HP: 41/42 MP: 3/11
  5639 | D:5      | Noticed a water moccasin
  5700 | D:4      | Killed a water moccasin
  5701 | D:4      | Reached XP level 7. HP: 31/47 MP: 5/13
  6154 | D:5      | Reached skill level 6 in Conjurations
  6797 | D:5      | Found a staircase to the Ecumenical Temple.
  6810 | Temple   | Entered the Ecumenical Temple
  7054 | Temple   | Became a worshipper of Vehumet
  7256 | D:5      | Reached skill level 7 in Conjurations
  7557 | D:4      | Killed a yak
  7597 | D:4      | Killed a yak
  7598 | D:4      | Gained mutation: You have a pair of small antennae on your
                  | head. [demonic ancestry]
  7598 | D:4      | Reached XP level 8. HP: 53/53 MP: 1/14
  7924 | D:4      | Reached skill level 5 in Shields
  7924 | D:4      | Reached skill level 8 in Conjurations
  7925 | D:4      | Reached skill level 9 in Conjurations
  8098 | D:6      | Noticed Prince Ribbit
  8327 | D:6      | Found a runed translucent gate.
  8331 | D:6      | Found a runed translucent gate.
  8333 | D:6      | Found a runed translucent gate.
  8333 | D:6      | Noticed Smersh616's ghost (novice SpAr)
  8335 | D:6      | Identified the +12 chain mail "Omigo" {Str+2 Dex+2}
  8451 | D:6      | Reached skill level 10 in Conjurations
  8456 | D:6      | Learned a level 4 spell: Iskenderun's Mystic Blast
  8771 | D:6      | Killed Prince Ribbit
  8772 | D:6      | Gained mutation: You may rarely emit foul miasma when
                  | damaged in melee. [demonic ancestry]
  8772 | D:6      | Reached XP level 9. HP: 36/58 MP: 2/16
  9065 | D:6      | Reached skill level 5 in Spellcasting
  9588 | D:6      | Identified the +8 flail of Fedhas's Benevolence {freeze,
                  | Str+2 SInv}
  9750 | D:7      | Noticed a troll
  9766 | D:7      | Killed a troll
 10311 | D:7      | Killed Smersh616's ghost
 10697 | D:6      | Identified the +0 helmet "Ickugit" {rN+ rCorr Dex+6}
 11018 | D:7      | Reached skill level 1 in Evocations
 11025 | D:7      | Reached * piety under Vehumet
 11025 | D:7      | Offered knowledge of Freeze by Vehumet.
 11674 | D:7      | Found a runed translucent gate.
 11674 | D:7      | Found a runed translucent gate.
 11674 | D:7      | Found a runed translucent gate.
 11676 | D:7      | Noticed cowcol's ghost (novice DrBe)
 11676 | D:7      | Noticed a spectral unseen horror
 11834 | D:7      | Reached XP level 10. HP: 56/64 MP: 14/22
 12230 | D:8      | Reached skill level 5 in Evocations
 12267 | D:8      | Reached skill level 1 in Fighting
 12333 | D:8      | Noticed a two-headed ogre
 12352 | D:8      | Killed a two-headed ogre
 12592 | D:8      | Reached ** piety under Vehumet
 12592 | D:8      | Offered knowledge of Foxfire by Vehumet.
 12660 | D:8      | Found a hide-covered altar of Uskayaw.
 12708 | D:8      | Reached skill level 5 in Fighting
 13703 | D:7      | HP: 3/75 [spectral unseen horror (1)]
 13721 | D:7      | Slain by a spectral unseen horror

Illustrated notes

Levels and vault maps discovered:
D:1:      sevenhm_arrival_forest_fort_large_2, layout_loops_ring,
          basic_ecumenical_altar
D:2:      layout_basic, serial_bayou_pond_c, corexii_corridor_pit, uniq_jessica
D:3:      layout_basic
D:4:      layout_basic, serial_shops, shop
D:5:      layout_loops_cross, temple_green
D:6:      layout_layer_cave, zin_academy, biasface_ghost_orc_armoury,
          uniq_prince_ribbit1
D:7:      layout_loops_cross, gammafunk_ghost_necromancy
D:8:      layout_basic, tso_oasis_becter,
          nicolae_uskayaw_murder_on_the_dancefloor
Temple:   eino_temple_water

Skill      XL: |  1  2  3  4  5  6  7  8  9 10 |
---------------+-------------------------------+-----
Stealth        | 2 |  2.0
Dodging        | 2 |  2.0
Shields        | 1 2 3 4 5 |  5.0
Spellcasting   | 3 4 8 |  8.0
Conjurations   | 5 7 10 | 10.0
Evocations     | 4 5 |  5.0
Fighting       | 7 |  7.7

Action                   |  1- 3 |  4- 6 |  7- 9 | 10-12 || total
-------------------------+-------+-------+-------+-------++-------
Melee: Unarmed           |     2 |       |       |       ||     2
       Short sword       |     9 |    54 |    58 |    82 ||   203
 Cast: Magic Dart        |    28 |    16 |     2 |       ||    46
       Searing Ray       |    15 |    38 |    48 |    37 ||   138
       Fulminant Prism   |       |     3 |    23 |    10 ||    36
       Iskenderun's Myst |       |       |     4 |     7 ||    11
  Use: Potion            |       |       |       |     4 ||     4
Armor: Robe              |     2 |    38 |    28 |    72 ||   140
Dodge: Dodged            |     8 |   100 |    88 |   143 ||   339
Block: Buckler           |     1 |    21 |    30 |    49 ||   101
